AoeStats
← TM Caesar

Arena

507828469Analyzed
1v1 RM · 14d ago on Sep 19, 2026· 52m 21s· 2 players
Game mode
Random Map
Map size
Tiny (2 player)
Population
200
Speed
Normal
Resources
Standard
Victory
Conquest
Starting age
Dark Age
Ending age
Imperial Age
RankedLock teamsTeams togetherTeam positionsShared explorationLock speedFull tech treeHidden civsTurbo modeCheats
Victory
Defeat
🇦🇷 Malay · Argentina
1656
+13
1599
-13
AxD | Keiokenkun-Uno-Puro
4:37 Double-Bit Axe
6:18 Loom
8:38 Feudal Age
10:38 Fletching
11:04 Bow Saw
15:07 Horse Collar
18:16 Town Watch
22:17 Castle Age
22:23 Gold Mining
23:15 Bodkin Arrow
27:46 Imperial Age
26:22 Padded Archer Armor
29:27 Chemistry
32:02 Leather Archer Armor
35:44 Elite Skirmisher
40:43 Bodkin Arrow
42:13 Bracer
44:49 Heavy Plow
47:22 Wheelbarrow
49:45 Husbandry
52:48 Scale Barding Armor
TM Caesar
8:48 Feudal Age
8:24 Double-Bit Axe
8:20 Horse Collar
9:09 Loom
13:58 Wheelbarrow
19:11 Castle Age
20:20 Fletching
22:54 Town Watch
24:16 Bow Saw
28:24 Imperial Age
26:38 Bodkin Arrow
28:52 Chemistry
27:57 Siphons
27:42 Crossbowman
31:01 Bracer
30:24 Elite Skirmisher
33:10 Conscription
33:57 Padded Archer Armor
34:54 Leather Archer Armor
34:39 Gold Mining
35:48 Ballistics
37:53 Ring Archer Armor
39:25 Gold Shaft Mining
41:15 Arbalester
43:01 Squires
44:00 Thumb Ring
44:35 Forging
46:02 Iron Casting
45:49 Scale Barding Armor
45:28 Man-at-Arms
46:05 Long Swordsman
47:55 Blast Furnace
46:57 Two-Handed Swordsman
48:03 Husbandry
48:36 Forced Levy
49:10 Arson
49:58 Hand Cart
51:10 Heavy Plow
51:02 Stone Mining
Connection lost

Rejoining the realm…

Still unreachable

The connection could not be restored.

Session expired

The server has moved on; the page needs a fresh start.